 Dungeon Crawl Stone Soup version 0.30-b1-2-g02819fbbbe (webtiles) character file.

Game seed: 3703216683690238670

3061 Borgoz the Slasher (level 10, -2/99 (114) HPs)
             Began as a Human Gladiator on June 25, 2023.
             Was a Believer of Ashenzari.
             Slain by a gnoll sergeant
             ... wielding a +1 spear of venom
              (4 damage)
             ... on level 9 of the Dungeon.
             The game lasted 00:14:39 (6436 turns).

Borgoz the Slasher (Human Gladiator)                Turns: 6436, Time: 00:14:39

HP:   -2/99 (114)   AC: 25    Str: 17    XL:     10   Next: 12%
MP:   15/15         EV:  2    Int:  9    God:    Ashenzari [**....]
Gold: 426           SH:  0    Dex: 16    Spells: 13/16 levels left

rFire   + . .        a - +1 long sword
rCold   . . .        (no shield)
rNeg    . . .        s - melded +18 Lear's hauberk {Melee, Bglg} (curse)
rPois   +            (helmet currently unavailable)
rElec   .            (cloak currently unavailable)
rCorr   .            (gloves currently unavailable)
SInv    +            (boots currently unavailable)
Will    .....        (no amulet)
Stlth   +++          c - ring of protection from fire
HPRegen 0.36/turn    (no ring)
MPRegen 0.14/turn

%: no passive effects
@: tree-form, hasted, heavily drained, very quick
A: stationary, stasis, torment immunity, boosted hp
a: Renounce Religion, Shatter the Chains


You were on level 9 of the Dungeon.
You worshipped Ashenzari.
Ashenzari was pleased with you.
You were a tree.
You visited 2 branches of the dungeon, and saw 10 of its levels.
You also visited: Ossuary.

You collected 426 gold pieces.

Inventory:

Hand Weapons
 a - a +1 long sword (weapon)
 i - a +0 falchion
Missiles
 e - a javelin (quivered)
 l - 11 poisoned darts
Armour
 b - the +0 ring mail of Minor Irritation {rElec Regen+ Int-4}
   (You found it on level 3 of the Dungeon)

   Int:       It affects your intelligence (-4).
   rElec:     It insulates you from electricity.
   Regen:     It increases your rate of health regeneration.
 d - +0 steam dragon scales
 f - a +1 helmet
 j - the +1 leather armour of Claustrophobia {Rampage Dex+5}
   (You found it on level 4 of the Dungeon)

   Dex:       It affects your dexterity (+5).
   Rampage:   It bestows one free step when moving towards enemies.
 s - the cursed +18 Lear's hauberk (melded) {Melee, Bglg}
   (You found it on level 2 of the Dungeon)

   It has a curse which improves the following skills: Melee Combat: Short
   Blades, Long Blades, Axes, Maces & Flails, Polearms, Staves and Unarmed
   Combat.
   Beguiling: Conjurations, Hexes and Translocations.
 v - the +1 chain mail of Muttered Phrases {rF+ rC+}
   (You found it on level 10 of the Dungeon)

   rF:        It protects you from fire.
   rC:        It protects you from cold.
Jewellery
 c - a ring of protection from fire (left branch)
Scrolls
 m - a scroll of teleportation
 n - 4 scrolls of blinking
 q - 2 scrolls of enchant armour
Potions
 g - 2 potions of mutation
 h - a potion of resistance
 k - a potion of flight
 r - 2 potions of brilliance


   Skills:
 + Level 5.7 Fighting
 + Level 7.1 Long Blades
 - Level 2.0 Throwing
 + Level 5.1 Armour
 + Level 6.2 Dodging
 + Level 4.2 Stealth
 + Level 3.5 Spellcasting
 + Level 3.8 Hexes


You had 13 spell levels left.
You knew the following spells:

 Your Spells              Type           Power      Damage    Failure   Level
a - Confusing Touch       Hex            8%         N/A       17%         3

Your spell library contained the following spells:

 Spells                   Type           Power      Damage    Failure   Level
 Kiss of Death            Conj/Necr      4%         2d5       28%         1
 Dispel Undead            Necr           1%         3d6       96%         4


Dungeon Overview and Level Annotations

Branches:
Dungeon (10/15)            Temple (1/1) D:4         Ossuary (visited)
   Lair: D:8-11         Orc: D:9-12

Altars:
Ashenzari
Cheibriados
Dithmenos
Elyvilon
Fedhas
Gozag
Hepliaklqana
Kikubaaqudgha
Makhleb
Nemelex Xobeh
Okawaru
Qazlal
Ru
Sif Muna
Trog
Uskayaw
Vehumet
Zin

Shops:
D:4 :


Message History

You hit the wight but do no damage. You hit the wight but do no damage.
The wight hits you but does no damage. x2
The gnoll sergeant hits you but does no damage.
You hit the wight but do no damage. The wight hits you but does no damage.
The wight completely misses you.
The gnoll sergeant hits you but does no damage.
You hit the wight but do no damage. You hit the wight but do no damage.
The wight hits you with a +3 mace.
* * * LOW HITPOINT WARNING * * *
You feel drained.
* * * LOW HITPOINT WARNING * * *
The wight hits you with a +0 hand axe.
* * * LOW HITPOINT WARNING * * *
You feel drained.
The gnoll sergeant hits you but does no damage.
The ogre shouts!
You hit the wight.
The wight is moderately damaged.
The wight hits you with a +3 mace.
* * * LOW HITPOINT WARNING * * *
You feel drained.
* * * LOW HITPOINT WARNING * * *
The wight hits you but does no damage.
The gnoll sergeant completely misses you.
You slash the wight!
The wight is severely damaged.
The wight barely misses you. The wight hits you but does no damage.
The gnoll sergeant hits you from afar with a +1 spear of venom.
* * * LOW HITPOINT WARNING * * *
You barely miss the wight.
The wight is severely damaged.
You closely miss the wight.
The wight is severely damaged.
The wight hits you with a +3 mace!
* * * LOW HITPOINT WARNING * * *
You feel drained.
* * * LOW HITPOINT WARNING * * *
The wight hits you but does no damage.
The gnoll sergeant hits you from afar with a +1 spear of venom.
You die...

, * * , ###.#.. .## , ,
.....#, ...# ,
,,....O####..#
,..........## ,,
*#.........# * * ,,*
#g..#.....# ### * ,
#...#.....####.##,
#♣z.....##*#....## , , ,
#z##.....###......
.......c##.###....#.....
,....##..####
#.......... , .# , #...
* #.#.#.#.... .... *
#..####)... , ,* *......
##....#.... ,, , ,.$....
* .........# , ,
,........,*#..##.....#


You could see an ogre, a gnoll sergeant, a centaur and 2 wights.

Vanquished Creatures
  A two-headed ogre (D:6)
  Maggie (D:6)
  A wyvern (D:10)
  A steam dragon (D:6)
  A water moccasin (D:6)
  2 orc warriors (D:6)
  2 black bears (D:6)
  2 centaurs
  2 phantoms (D:5)
  A bullfrog (D:9)
  3 scorpions
  A wight (D:9)
  2 howler monkeys (D:9)
  2 human zombies (Ossuary)
  4 orc priests
  2 jellies
  5 iguanas
  3 orc wizards
  5 mummies
  Robin (D:3)
  3 gnolls (D:6)
  7 adders
  2 white imps
  An ufetubus (D:4)
  3 worms
  3 dart slugs
  23 orcs
  6 bats
  6 endoplasms
  A giant cockroach (D:1)
  2 gnoll zombies (Ossuary)
  13 goblins
  13 hobgoblins
  9 jackals
  5 kobolds
  3 quokkas
  5 ball pythons
  2 frilled lizards (D:3)
  A hobgoblin zombie (Ossuary)
  A kobold zombie (Ossuary)
  2 orc zombies (Ossuary)
  3 rats
156 creatures vanquished.

Notes
Turn   | Place    | Note
-------+----------+-------------------------------------------
     0 | D:1      | Borgoz the Human Gladiator began the quest for the Orb.
     0 | D:1      | Reached XP level 1. HP: 16/16 MP: 1/1
   216 | D:1      | Reached XP level 2. HP: 22/22 MP: 2/2
   407 | D:1      | Reached XP level 3. HP: 27/27 MP: 3/3
   916 | D:2      | Reached skill level 1 in Armour
  1251 | D:2      | Reached XP level 4. HP: 26/34 MP: 4/4
  1348 | D:2      | Found the +18 Lear's hauberk
  1595 | D:3      | Identified the +0 ring mail of Minor Irritation {rElec
                  | Regen+ Int-4}
  1871 | D:3      | Reached skill level 4 in Long Blades
  1871 | D:3      | Reached XP level 5. HP: 14/40 MP: 5/5
  2269 | D:3      | Found a glowing silver altar of Zin.
  2443 | D:3      | Noticed Robin
  2463 | D:3      | Killed Robin
  2471 | D:3      | Reached XP level 6. HP: 44/47 MP: 6/6
  2686 | D:4      | Found a staircase to the Ecumenical Temple.
  2707 | Temple   | Entered the Ecumenical Temple
  2832 | Temple   | Became a worshipper of Ashenzari the Shackled
  3109 | D:4      | Reached skill level 5 in Long Blades
  3109 | D:4      | Reached XP level 7. HP: 31/52 MP: 7/7
  3190 | D:4      | Identified the +1 leather armour of Claustrophobia {Rampage
                  | Dex+5}
  3334 | D:4      | Found Rihas's Book Shoppe.
  3378 | D:4      | Found a snail-covered altar of Cheibriados.
  3404 | D:5      | Entered Level 5 of the Dungeon
  3887 | D:5      | Learned a level 4 spell: Dispel Undead
  3893 | D:5      | Learned a level 3 spell: Confusing Touch
  4115 | D:6      | Reached XP level 8. HP: 35/60 MP: 8/8
  4242 | D:6      | Reached skill level 1 in Stealth
  4242 | D:6      | Reached skill level 1 in Hexes
  4255 | D:6      | Reached skill level 1 in Spellcasting
  4273 | D:6      | Reached skill level 6 in Long Blades
  4313 | D:6      | Found a sand-covered staircase.
  4347 | D:6      | Reached skill level 5 in Dodging
  4464 | Ossuary  | Entered an ossuary
  4900 | D:6      | Noticed Maggie
  4910 | D:6      | Reached XP level 9. HP: 66/66 MP: 12/12
  4953 | D:6      | Killed Maggie
  4954 | D:6      | Reached skill level 5 in Fighting
  5068 | D:6      | Found a burning altar of Makhleb.
  5565 | D:6      | Found a shimmering blue altar of Sif Muna.
  5610 | D:6      | Noticed a two-headed ogre
  5622 | D:6      | Killed a two-headed ogre
  6026 | D:7      | You fall into a shaft and drop 3 floors!
  6026 | D:10     | Entered Level 10 of the Dungeon
  6152 | D:10     | Identified the +1 chain mail of Muttered Phrases {rF+ rC+}
  6197 | D:10     | Reached skill level 7 in Long Blades
  6197 | D:10     | Reached skill level 5 in Armour
  6197 | D:10     | Reached XP level 10. HP: 46/74 MP: 13/15
  6370 | D:9      | Reached * piety under Ashenzari
  6370 | D:9      | Reached ** piety under Ashenzari
  6436 | D:9      | HP: 5/102 [wight/+3 mace (11)]
  6436 | D:9      | HP: 2/99 [wight/+3 mace (3)]
  6436 | D:9      | Slain by a gnoll sergeant

Illustrated notes

Levels and vault maps discovered:
D:1:      sevenhm_arrival_forest_fort_small_1, layout_loops_ring, minmay_unequal
D:2:      layout_rooms, minmay_tetromino_l4
D:3:      layout_loops_corners, lemuel_round_altar, uniq_robin
D:4:      layout_cave_pools, kennysheep_mini, temple_statues, serial_shops,
          nicolae_shop_pleasant_corner_grove
D:5:      layout_basic
D:6:      layout_basic, mainiacjoe_overflow_small_starburst,
          nicolae_sif_muna_little_library, gup_ossuary_entry_pyramid,
          grunt_ministairs_2, uniq_maggie
D:7:      layout_gridville, grunt_temple_overflow_holy_war
D:9:      layout_cave_pools, kennysheep_orc_monster_closet_entryway,
          enter_bailey_2
D:10:     layout_grid_maze, chequers_avenue
Temple:   jpeg_temple_clearing

Skill      XL: |  1  2  3  4  5  6  7  8  9 |
---------------+----------------------------+-----
Armour         | 1 2 3 4 5 |  5.1
Long Blades    | 4 5 6 7 |  7.1
Fighting       | 3 4 5 |  5.7
Dodging        | 4 5 6 |  6.2
Stealth        | 2 4 |  4.2
Hexes          | 2 3 |  3.8
Spellcasting   | 2 3 |  3.5
Throwing       | |  2.0

Action                     |  1- 3 |  4- 6 |  7- 9 | 10-12 || total
---------------------------+-------+-------+-------+-------++-------
  Melee: Long sword        |    97 |   247 |   360 |    49 ||   753
         Punch             |       |     1 |     3 |     1 ||     5
  Throw: Throwing net      |       |       |     4 |       ||     4
         Dart              |       |       |     6 |       ||     6
         Javelin           |       |       |     1 |       ||     1
 Invoke: Curse Item        |       |       |       |     1 ||     1
    Use: Potion            |       |     4 |     4 |     4 ||    12
         Scroll            |       |     4 |    11 |     2 ||    17
   Stab: Invisible         |       |     4 |     5 |       ||     9
         Held in net/web   |       |       |     3 |       ||     3
 Armour: Leather armour    |    56 |     2 |       |       ||    58
         Skin              |       |    55 |       |    24 ||    79
         Chain mail        |       |   253 |   266 |    29 ||   548
  Dodge: Dodged            |    69 |   135 |   165 |    32 ||   401
